 Dungeon Crawl Stone Soup version 0.26-a0-61-g6c07f0ee8d (webtiles) character file.

Game seed: 5906054917057594119

163 MarredHen the Cutter (level 5, -7/33 HPs)
             Began as a Kobold Chaos Knight on June 8, 2020.
             Was a Plaything of Xom.
             Mangled by an orc
             ... wielding a +2 falchion of electrocution
              (19 damage)
             ... on level 3 of the Dungeon.
             The game lasted 00:06:14 (3279 turns).

MarredHen the Cutter (Kobold Chaos Knight)          Turns: 3279, Time: 00:06:44

Health: -7/33      AC:  5    Str: 11    XL:     5   Next: 72%
Magic:  5/5        EV: 15    Int: 13    God:    Xom [*.....]
Gold:   118        SH:  4    Dex: 14    Spells: 4/4 levels left

rFire    . . .     SeeInvis .   a - +0 short sword (chaos)
rCold    . . .     Gourm    .   q - +0 buckler
rNeg     . . .     Faith    .   b - +2 leather armour
rPois    .         Spirit   .   (no helmet)
rElec    .         Reflect  .   (no cloak)
rCorr    .         Harm     .   (no gloves)
MR       .....                  (no boots)
Stlth    +.........             (no amulet)
HPRegen  0.11/turn              (no ring)
MPRegen  0.09/turn              (no ring)

@: no status effects
A: small, carnivore
a: Renounce Religion


You were on level 3 of the Dungeon.
You worshipped Xom.
You were a special plaything of Xom.
You were not hungry.

You visited 1 branch of the dungeon, and saw 3 of its levels.

You collected 118 gold pieces.

Inventory:

Hand Weapons
 a - a +0 short sword of chaos (weapon)
Armour
 b - a +2 leather armour (worn)
 q - a +0 buckler (worn)
Jewellery
 i - an uncursed ring of protection from magic
Scrolls
 f - 3 scrolls of teleportation {unknown}
 g - a scroll of magic mapping {unknown}
 h - 2 scrolls of enchant armour {unknown}
 j - a scroll of identify
 l - a scroll of remove curse
 m - a scroll of amnesia {unknown}
Potions
 d - 2 potions of flight {unknown}
 e - a potion of might {unknown}
 k - a potion of magic {unknown}
 n - a potion of cancellation {unknown}
 o - a potion of curing {unknown}
 p - a potion of brilliance {unknown}
Comestibles
 c - 7 rations


   Skills:
 + Level 4.2 Fighting
 + Level 5.7 Short Blades
 + Level 1.7 Armour
 + Level 3.6 Dodging
 + Level 0.9 Stealth
 + Level 0.1 Shields


You had 4 spell levels left.
You didn't know any spells.
Your spell library was empty.

Dungeon Overview and Level Annotations

Branches:
Dungeon (3/15)

Altars:
Cheibriados


Innate Abilities, Weirdness & Mutations

You are small and have problems with some larger weapons.
You are carnivorous and can eat meat at any time.


Message History

You hit the orc. You burn the orc.
The orc is moderately wounded.
You barely miss the orc.
The orc is moderately wounded.
The orc misses you.
You hit the orc but do no damage.
The orc seems to grow stronger.
The orc is moderately wounded.
The orc completely misses you.
You hit the orc.
The orc seems to slow down.
The orc is severely wounded.
You closely miss the orc.
The orc is severely wounded.
The orc hits you but does no damage.
You barely miss the orc.
The orc is severely wounded.
The orc is no longer moving slowly.
The orc hits you with a +2 falchion of electrocution!
You are electrocuted!!
Ouch! That really hurt!
You die...

... .. ... ### ... ....
#@#######... .....
#o#........ .#
.....##b#......#...##
......oo.......#....
...............#...
...............#.#
..........#......#####
..........#..........# #
..........#......###.###


You could see 3 orcs and a bat.

Vanquished Creatures
  A crimson imp (D:3)
  3 adders
  An ooze (D:2)
  A worm (D:3)
  3 dart slugs
  3 leopard geckos
  8 orcs (D:3)
  3 giant cockroaches
  6 goblins
  13 hobgoblins
  2 jackals (D:1)
  A quokka (D:3)
  8 bats
  5 frilled lizards
  10 kobolds
  5 rats
73 creatures vanquished.

Vanquished Creatures (others)
  7 toadstools (D:3)
7 creatures vanquished.

Grand Total: 80 creatures vanquished

Notes
Turn   | Place    | Note
-------+----------+-------------------------------------------
     0 | D:1      | MarredHen the Kobold Chaos Knight began the quest for the
                  | Orb.
     0 | D:1      | Reached XP level 1. HP: 14/14 MP: 1/1
    52 | D:1      | XOM: silly message
   195 | D:1      | Reached XP level 2. HP: 19/19 MP: 2/2
   458 | D:1      | XOM: silly message
   648 | D:1      | XOM: divination: magic mapping
   844 | D:1      | Reached XP level 3. HP: 21/23 MP: 3/3
   907 | D:1      | Reached skill level 1 in Armour
  1183 | D:1      | XOM: summons 2 hostile demons
  1184 | D:1      | Noticed a red devil
  1185 | D:1      | XOM: butterfly on damage
  1271 | D:2      | XOM: 1-stop teleportation journey
  1544 | D:2      | Reached skill level 5 in Short Blades
  1570 | D:2      | XOM: 3-stop teleportation journey
  1645 | D:2      | XOM: 1-stop teleportation journey
  1649 | D:2      | XOM: noise
  1666 | D:2      | Reached XP level 4. HP: 20/28 MP: 4/4
  1839 | D:2      | Found a snail-covered altar of Cheibriados.
  1878 | D:2      | Found a faded altar of an unknown god.
  2019 | D:2      | XOM: polymorph giant cockroach -> adder
  2302 | D:2      | XOM: 9-stop teleportation journey
  2847 | D:3      | Reached XP level 5. HP: 25/33 MP: 5/5
  2896 | D:3      | XOM: silly message
  2941 | D:3      | XOM: divination: detect creatures
  3078 | D:3      | XOM: silly message
  3279 | D:3      | Mangled by an orc

Illustrated notes

Levels and vault maps discovered:
D:1:      matt_arrival_spirals, layout_basic
D:2:      kb_forest_paths, layout_basic, cheibriados_altar_1,
          chequers_ecumenical_altar_simple_redux, minmay_tetromino_t2
D:3:      cheibrodos_fertilizer, layout_basic, nicolae_ru_the_path_less_chosen,
          lemuel_crystal_altar, serial_bayou_crossing

Skill      XL: |  1  2  3  4  5 |
---------------+----------------+-----
Armour         | 1 |  1.7
Short Blades   | 5 |  5.7
Dodging        | 3 |  3.6
Fighting       | 4 |  4.2
Stealth        | |  0.9
Shields        | |  0.1

Action                   |  1- 3 |  4- 6 || total
-------------------------+-------+-------++-------
Melee: Short sword       |   130 |   136 ||   266
  Use: Scroll            |       |     2 ||     2
 Stab: Paralysed         |     1 |     1 ||     2
       Petrifying        |     2 |       ||     2
       Sleeping          |     1 |       ||     1
  Eat: Chunk             |     5 |     4 ||     9
       Ration            |       |     1 ||     1
Armor: Leather armour    |    50 |    32 ||    82
Dodge: Dodged            |   136 |   116 ||   252
Block: Buckler           |       |    17 ||    17

Table legend:
 A = Non-vault XP
 B = Vault XP
 C = Vault XP percentage of total XP
 D = Non-vault monster count
 E = Vault monster count
 F = Vault count percentage of total count
                 A         B        C        D         E       F
            +---------+---------+-------+---------+---------+-------
      Total |     209 |      24 |  10.3 |      65 |       8 |  11.0
            +---------+---------+-------+---------+---------+-------
        D:1 |      48 |       0 |   0.0 |      26 |       0 |   0.0
        D:2 |      55 |      24 |  30.4 |      21 |       8 |  27.6
        D:3 |     106 |       0 |   0.0 |      18 |       0 |   0.0
            +---------+---------+-------+---------+---------+-------
